TOP OF THE 1ST |
Oakland Athletics batting - Pitching for Houston Astros : RHP Prince Gibson
|
Pitching: RHP Prince Gibson
|
|
Batting: RHB Muneo Kawachi
|
0-0: Fly out, F7 (Flyball, 7LM, EV 86.9 MPH)
|
Batting: RHB Sébastien Piat
|
0-0: Swinging Strike 0-1: Ball 1-1: Swinging Strike 1-2: Ball 2-2: Strikes out looking
|
Batting: LHB Nate Dean
|
0-0: Ball 1-0: Ball 2-0: Ball 3-0: Called Strike 3-1: Called Strike 3-2: Ground out 4-3 (Groundball, 4, EV 83.1 MPH)
|
Top of the 1st over - 0 runs, 0 hits, 0 errors, 0 left on base; Oakland 0 - Houston 0 |
BOTTOM OF THE 1ST |
Houston Astros batting - Pitching for Oakland Athletics : RHP Mike Pedigo
|
Pitching: RHP Mike Pedigo
|
|
Batting: RHB Matt Thompson
|
0-0: Foul Ball, location: 2F 0-1: Ball 1-1: Fly out, F7 (Flyball, 78M, EV 74.4 MPH)
|
Batting: RHB Chang-wei Jiang
|
0-0: Called Strike 0-1: Foul Ball, location: 2F 0-2: Ball 1-2: Ground out 6-3 (Groundball, 6M, EV 104.4 MPH)
|
Batting: LHB Bryce Hill
|
0-0: Called Strike 0-1: Ball 1-1: Ball 2-1: Foul Ball, location: 2F 2-2: Foul Ball, location: 2F 2-2: Strikes out swinging
|
Bottom of the 1st over - 0 runs, 0 hits, 0 errors, 0 left on base; Oakland 0 - Houston 0 |
TOP OF THE 2ND |
Oakland Athletics batting - Pitching for Houston Astros : RHP Prince Gibson
|
Batting: LHB Sakae Kasahara
|
0-0: Swinging Strike 0-1: Swinging Strike 0-2: Ground out 4-3 (Groundball, 4, EV 105.0 MPH)
|
Batting: RHB Ryan Kinkead
|
0-0: Ball 1-0: Swinging Strike 1-1: Foul Ball, location: 2F 1-2: Ball 2-2: Foul Ball, location: 2F 2-2: Foul Ball, location: 2F 2-2: Strikes out looking
|
Batting: SHB Ryan Langlois
|
0-0: Called Strike 0-1: Foul Ball, location: 2F 0-2: Strikes out swinging
|
Top of the 2nd over - 0 runs, 0 hits, 0 errors, 0 left on base; Oakland 0 - Houston 0 |
BOTTOM OF THE 2ND |
Houston Astros batting - Pitching for Oakland Athletics : RHP Mike Pedigo
|
Batting: SHB Joe Gardner
|
0-0: Ball 1-0: Ball 2-0: Ball 3-0: Called Strike 3-1: Fly out, F8 (Line Drive, 8LD, EV 89.4 MPH)
|
Batting: LHB Angelo Vasquez
|
0-0: Called Strike 0-1: Swinging Strike 0-2: Foul Ball, location: 2F 0-2: Ball 1-2: Fly out, F5 (Popup, 56, EV 63.8 MPH)
|
Batting: RHB Trevor Mock
|
0-0: Called Strike 0-1: Foul Ball, location: 2F 0-2: Ball 1-2: Foul Ball, location: 2F 1-2: Foul Ball, location: 2F 1-2: Ball 2-2: Ball 3-2: Base on Balls
|
Batting: RHB Jeremy Trump
|
0-0: Ball 1-0: Foul Ball, location: 2F 1-1: Ball 2-1: Swinging Strike 2-2: Strikes out looking
|
Bottom of the 2nd over - 0 runs, 0 hits, 0 errors, 1 left on base; Oakland 0 - Houston 0 |
TOP OF THE 3RD |
Oakland Athletics batting - Pitching for Houston Astros : RHP Prince Gibson
|
Batting: RHB Robby Godwin
|
0-0: Ball 1-0: Called Strike 1-1: Ball 2-1: Ball 3-1: Foul Ball, location: 2F 3-2: Strikes out looking
|
Batting: RHB Danny Murillo
|
0-0: Swinging Strike 0-1: Ball 1-1: Ball 2-1: Fly out, F5 (Line Drive, 5, EV 68.8 MPH)
|
Batting: RHB Garry Hash
|
0-0: Swinging Strike 0-1: Called Strike 0-2: Strikes out swinging
|
Top of the 3rd over - 0 runs, 0 hits, 0 errors, 0 left on base; Oakland 0 - Houston 0 |
BOTTOM OF THE 3RD |
Houston Astros batting - Pitching for Oakland Athletics : RHP Mike Pedigo
|
Batting: LHB Jim Keefe
|
0-0: Ball 1-0: Foul Ball, location: 2F 1-1: Fly out, F9 (Flyball, 9D, EV 103.8 MPH)
|
Batting: SHB Addick de Vries
|
0-0: Ball 1-0: Ball 2-0: Called Strike 2-1: Ball 3-1: Base on Balls
|
Batting: RHB Matt Thompson
|
0-0: Ball 1-0: Ball 2-0: Ball 3-0: Called Strike 3-1: Base on Balls Addick de Vries to second
|
Batting: RHB Chang-wei Jiang
|
0-0: Fielders Choice at 2nd, 4-6 (Groundball, 4D, EV 105.0 MPH) Addick de Vries to third
|
Batting: LHB Bryce Hill
|
0-0: Ball 1-0: Fielders Choice at 2nd, 5-4 (Groundball, 5, EV 83.1 MPH)
|
Bottom of the 3rd over - 0 runs, 0 hits, 0 errors, 2 left on base; Oakland 0 - Houston 0 |
TOP OF THE 4TH |
Oakland Athletics batting - Pitching for Houston Astros : RHP Prince Gibson
|
Batting: RHB Muneo Kawachi
|
0-0: Ball 1-0: Ball 2-0: Called Strike 2-1: Ground out 4-3 (Groundball, 4, EV 103.1 MPH)
|
Batting: RHB Sébastien Piat
|
0-0: Called Strike 0-1: Ball 1-1: Ball 2-1: Ball 3-1: Base on Balls
|
Batting: LHB Nate Dean
|
0-0: Ball 1-0: Called Strike Sébastien Piat steals 2nd base 1-1: Ball 2-1: Called Strike 2-2: Ground out 6-3 (Groundball, 6, EV 96.2 MPH)
|
Batting: LHB Sakae Kasahara
|
0-0: Ball 1-0: Called Strike 1-1: Reached on error, E4 (Groundball, 4, EV 83.1 MPH) Sébastien Piat to third
|
Batting: RHB Ryan Kinkead
|
0-0: Called Strike 0-1: Called Strike 0-2: Ball 1-2: Strikes out swinging
|
Top of the 4th over - 0 runs, 0 hits, 1 error, 2 left on base; Oakland 0 - Houston 0 |
BOTTOM OF THE 4TH |
Houston Astros batting - Pitching for Oakland Athletics : RHP Mike Pedigo
|
Batting: SHB Joe Gardner
|
0-0: Called Strike 0-1: Ball 1-1: Ground out 4-3 (Groundball, 4, EV 101.2 MPH)
|
Batting: LHB Angelo Vasquez
|
0-0: Ball 1-0: Called Strike 1-1: Called Strike 1-2: SOLO HOME RUN (Flyball, 9D, EV 99.4 MPH), Distance : 386 ft
|
Batting: RHB Trevor Mock
|
0-0: Ball 1-0: Foul Ball, location: 2F 1-1: Fly out, F7 (Flyball, 7, EV 89.4 MPH)
|
Batting: RHB Jeremy Trump
|
0-0: Ball 1-0: Fly out, F7 (Line Drive, 7D, EV 87.5 MPH)
|
Bottom of the 4th over - 1 run, 1 hit, 0 errors, 0 left on base; Oakland 0 - Houston 1 |
TOP OF THE 5TH |
Oakland Athletics batting - Pitching for Houston Astros : RHP Prince Gibson
|
Batting: SHB Ryan Langlois
|
0-0: Ground out 5-3 (Groundball, 56S, EV 92.5 MPH)
|
Batting: RHB Robby Godwin
|
0-0: Fly out, F9 (Flyball, 9LD, EV 91.9 MPH)
|
Batting: RHB Danny Murillo
|
0-0: Ball 1-0: Swinging Strike 1-1: Ball 2-1: Foul Ball, location: 2F 2-2: Foul Ball, location: 2F 2-2: Ground out 3-1 (Groundball, 34, EV 81.9 MPH)
|
Top of the 5th over - 0 runs, 0 hits, 0 errors, 0 left on base; Oakland 0 - Houston 1 |
BOTTOM OF THE 5TH |
Houston Astros batting - Pitching for Oakland Athletics : RHP Mike Pedigo
|
Batting: LHB Jim Keefe
|
0-0: Ball 1-0: Ball 2-0: Foul Ball, location: 2F 2-1: SOLO HOME RUN (Flyball, 9D, EV 102.5 MPH), Distance : 386 ft
|
Batting: SHB Addick de Vries
|
0-0: Ball 1-0: Called Strike 1-1: Foul Ball, location: 2F 1-2: DOUBLE (Line Drive, 8RXD, EV 106.2 MPH)
|
Batting: RHB Matt Thompson
|
0-0: Called Strike 0-1: Fly out, F8 (Line Drive, 8RM, EV 95.6 MPH)
|
Batting: RHB Chang-wei Jiang
|
0-0: Called Strike 0-1: Ball 1-1: Ball 2-1: Ground out U3 (Groundball, 3S, EV 85.6 MPH) Addick de Vries to third
|
Batting: LHB Bryce Hill
|
0-0: Ball 1-0: SINGLE (Flyball, 6D, EV 87.5 MPH) Addick de Vries scores
|
Batting: SHB Joe Gardner
|
0-0: Ball 1-0: Ground out 4-3 (Groundball, 4, EV 96.9 MPH)
|
Bottom of the 5th over - 2 runs, 3 hits, 0 errors, 1 left on base; Oakland 0 - Houston 3 |
TOP OF THE 6TH |
Oakland Athletics batting - Pitching for Houston Astros : RHP Prince Gibson
|
Batting: RHB Garry Hash
|
0-0: Called Strike 0-1: Ball 1-1: Called Strike 1-2: Foul Ball, location: 2F 1-2: Ball 2-2: Ground out 5-3 (Groundball, 56S, EV 63.1 MPH)
|
Batting: RHB Muneo Kawachi
|
0-0: Ground out 6-3 (Groundball, 6, EV 85.0 MPH)
|
Batting: RHB Sébastien Piat
|
0-0: Called Strike 0-1: Called Strike 0-2: Ball 1-2: Ball 2-2: Foul Ball, location: 2F 2-2: Ball 3-2: Base on Balls
|
Batting: LHB Nate Dean
|
0-0: Ball 1-0: Foul Ball, location: 2F 1-1: Ball 2-1: Called Strike 2-2: Foul Ball, location: 2F 2-2: Fly out, F9 (Flyball, 9LD, EV 82.5 MPH)
|
Top of the 6th over - 0 runs, 0 hits, 0 errors, 1 left on base; Oakland 0 - Houston 3 |
BOTTOM OF THE 6TH |
Houston Astros batting - Pitching for Oakland Athletics : RHP Mike Pedigo
|
Batting: LHB Angelo Vasquez
|
0-0: Called Strike 0-1: Ball 1-1: Called Strike 1-2: Ball 2-2: SOLO HOME RUN (Flyball, 7D, EV 98.1 MPH), Distance : 395 ft
|
Batting: RHB Trevor Mock
|
0-0: Foul Ball, location: 2F 0-1: Ball 1-1: Called Strike 1-2: Ball 2-2: Strikes out swinging
|
Pitching: RHP Carlos Alaniz
|
|
Batting: RHB Jeremy Trump
|
0-0: Ball 1-0: Foul Ball, location: 2F 1-1: Called Strike 1-2: Strikes out swinging
|
Batting: LHB Jim Keefe
|
0-0: Ball 1-0: Ball 2-0: Ground out 4-3 (Groundball, 4, EV 81.9 MPH)
|
Bottom of the 6th over - 1 run, 1 hit, 0 errors, 0 left on base; Oakland 0 - Houston 4 |
TOP OF THE 7TH |
Oakland Athletics batting - Pitching for Houston Astros : RHP Prince Gibson
|
Batting: LHB Sakae Kasahara
|
0-0: Fly out, F7 (Flyball, 78XD, EV 103.8 MPH)
|
Batting: RHB Ryan Kinkead
|
0-0: Ball 1-0: Called Strike 1-1: Hit by Pitch
|
Batting: SHB Ryan Langlois
|
0-0: Called Strike 0-1: Called Strike 0-2: Ball 1-2: Ball 2-2: Ball 3-2: Base on Balls Ryan Kinkead to second
|
Batting: RHB Robby Godwin
|
0-0: Ball 1-0: Fly out, F8 (Line Drive, 8RM, EV 106.2 MPH)
|
Batting: RHB Danny Murillo
|
0-0: Fly out, F7 (Line Drive, 7S, EV 88.8 MPH)
|
Top of the 7th over - 0 runs, 0 hits, 0 errors, 2 left on base; Oakland 0 - Houston 4 |
BOTTOM OF THE 7TH |
Houston Astros batting - Pitching for Oakland Athletics : RHP Carlos Alaniz
|
Batting: SHB Addick de Vries
|
0-0: Ball 1-0: SINGLE (Line Drive, 8RS, EV 100.6 MPH)
|
Batting: RHB Matt Thompson
|
0-0: Sac Bunt to 2R - play at first, batter OUT! 2-3 Addick de Vries to second
|
Batting: RHB Chang-wei Jiang
|
0-0: Ball 1-0: Foul Ball, location: 2F 1-1: Called Strike 1-2: Ground out 5-3 (Groundball, 56, EV 88.8 MPH)
|
Batting: LHB Bryce Hill
|
0-0: Ground out 4-3 (Groundball, 4, EV 83.1 MPH)
|
Bottom of the 7th over - 0 runs, 1 hit, 0 errors, 1 left on base; Oakland 0 - Houston 4 |
TOP OF THE 8TH |
Oakland Athletics batting - Pitching for Houston Astros : RHP Prince Gibson
|
Batting: RHB Garry Hash
|
0-0: Foul Ball, location: 2F 0-1: Ball 1-1: Ball 2-1: Foul Ball, location: 2F 2-2: Foul Ball, location: 2F 2-2: Foul Ball, location: 2F 2-2: Ground out 5-3 (Groundball, 5, EV 79.4 MPH)
|
Batting: RHB Muneo Kawachi
|
0-0: Fly out, F9 (Flyball, 9LM, EV 90.6 MPH)
|
Batting: RHB Sébastien Piat
|
0-0: Called Strike 0-1: Ball 1-1: Ball 2-1: SINGLE (Groundball, 34D, EV 106.9 MPH)
|
Pitching: RHP Seth Bowersox
|
|
Batting: LHB Nate Dean
|
0-0: Ball 1-0: Ball 2-0: Called Strike 2-1: Foul Ball, location: 2F 2-2: Fly out, F8 (Flyball, 89D, EV 81.9 MPH)
|
Top of the 8th over - 0 runs, 1 hit, 0 errors, 1 left on base; Oakland 0 - Houston 4 |
BOTTOM OF THE 8TH |
Houston Astros batting - Pitching for Oakland Athletics : RHP Carlos Alaniz
|
Batting: SHB Joe Gardner
|
0-0: Ball 1-0: Foul Ball, location: 2F 1-1: Ball 2-1: Swinging Strike 2-2: Foul Ball, location: 2F 2-2: Ground out U3 (Groundball, 3L, EV 85.6 MPH)
|
Batting: LHB Angelo Vasquez
|
0-0: Ground out 6-3 (Groundball, 6, EV 108.1 MPH)
|
Batting: RHB Trevor Mock
|
0-0: Called Strike 0-1: Fly out, F6 (Popup, P, EV 77.5 MPH)
|
Bottom of the 8th over - 0 runs, 0 hits, 0 errors, 0 left on base; Oakland 0 - Houston 4 |
TOP OF THE 9TH |
Oakland Athletics batting - Pitching for Houston Astros : RHP Seth Bowersox
|
Batting: LHB Sakae Kasahara
|
0-0: Ball 1-0: Called Strike 1-1: Ball 2-1: Foul Ball, location: 2F 2-2: Ground out 1-3 (Groundball, 34S, EV 69.4 MPH)
|
Batting: RHB Ryan Kinkead
|
0-0: Foul Ball, location: 2F 0-1: Ball 1-1: Ball 2-1: Ball 3-1: Called Strike 3-2: Base on Balls
|
Batting: SHB Ryan Langlois
|
0-0: Ball 1-0: Foul Ball, location: 2F 1-1: Ball 2-1: Ball 3-1: Fielders Choice at 2nd, 5-4 (Groundball, 5, EV 82.5 MPH)
|
Batting: RHB Robby Godwin
|
0-0: Fly out, F5 (Popup, 5F, EV 66.2 MPH)
|
Top of the 9th over - 0 runs, 0 hits, 0 errors, 1 left on base; Oakland 0 - Houston 4 |
|